 Dungeon Crawl Stone Soup version 0.21-a0-186-g02e8684 (webtiles) character file.

308 Lavandula the Skirmisher (level 6, 47/47 HPs)
             Began as a Formicid Artificer on Aug 12, 2017.
             Quit the game on level 4 of the Dungeon.
             The game lasted 00:12:14 (1823 turns).

Lavandula the Skirmisher (Formicid Artificer)       Turns: 1823, Time: 00:12:15

Health: 47/47      AC: 10    Str: 16    XL:     6   Next: 68%
Magic:  8/8        EV: 10    Int: 14    God:
Gold:   109        SH:  3    Dex: 13    Spells: 5/5 levels left

rFire    + . .     SeeInvis +   B - +2 flail (holy)
rCold    . . .     Gourm    .   (no shield)
rNeg     . . .     Faith    .   C - +2 scale mail {rF+}
rPois    .         Spirit   .   (helmet unavailable)
rElec    .         Reflect  +   v - +1 cloak
rCorr    .         Harm     .   (no gloves)
MR       .....                  (no boots)
Stlth    ..........             k - +3 amulet of reflection
HPRegen  0.15/turn              r - +3 ring of intelligence
MPRegen  0.11/turn              (no ring)

@: no status effects
A: permanent stasis, dig shafts and tunnels, four strong arms, antennae 3
a: Dig, Shaft Self


You were on level 4 of the Dungeon.
You were not hungry.

You visited 2 branches of the dungeon, and saw 6 of its levels.

You collected 109 gold pieces.

Inventory:

Hand Weapons
 a - a +0 short sword
 q - a +0 dagger
 w - a +0 mace
 y - a +0 hand axe
 z - a +1 morningstar of pain
 B - a +2 flail of holy wrath (weapon)
Missiles
 l - 8 poisoned needles
Armour
 b - a +0 leather armour
 m - a +0 scale mail
 v - a +1 cloak (worn)
 x - a +0 ring mail
 C - a +2 scale mail of fire resistance (worn)
Jewellery
 k - a +3 amulet of reflection (around neck)
 r - a +3 ring of intelligence (left hand)
Wands
 c - a wand of flame (3/48)
 d - a wand of enslavement (7/24)
 e - a wand of random effects (7/48)
Scrolls
 g - 2 scrolls of recharging
 i - a scroll of remove curse
 p - 2 scrolls of enchant weapon
Potions
 j - a potion of invisibility
 o - a potion of brilliance {unknown}
 s - a potion of cancellation {unknown}
 u - a potion of curing {unknown}
Comestibles
 f - 2 bread rations
 h - a meat ration
 n - 2 royal jellies
 A - a chunk of flesh


   Skills:
 - Level 3.4 Fighting
 - Level 3.0 Short Blades
 + Level 3.4 Maces & Flails
 - Level 2.9 Dodging
 - Level 1.2 Stealth
 - Level 3.2 Evocations


You had 5 spell levels left.
You didn't know any spells.

Dungeon Overview and Level Annotations

Branches:
Dungeon (5/15)             Temple (1/1) D:4

Altars:
Ashenzari
Cheibriados
Elyvilon
Kikubaaqudgha
Nemelex Xobeh
Ru
Sif Muna
Trog
Xom
Yredelemnul
Zin


Innate Abilities, Weirdness & Mutations

You cannot be hasted, slowed, berserked, paralysed or teleported.
You can dig through walls and to a lower floor.
Your four strong arms can wield two-handed weapons with a shield.
You have a pair of large antennae on your head. (SInv)


Message History

There is a staircase back to the Dungeon here.
You climb upwards.
Welcome back to the Dungeon!
There is a staircase to the Ecumenical Temple here.
Found a robe.
Found a scroll of teleportation.
You see here a robe.
Drop what? 29/52 slots (_ for help) (? for menu, Esc to quit)
You drop 2 scrolls of teleportation.
You see here a robe.
As you read the scroll of identify, it crumbles to dust.
j - a potion of invisibility
As you read the scroll of identify, it crumbles to dust.
p - 2 scrolls of enchant weapon
Found a shattered altar of Ashenzari.
Found a dented steel amulet.
k - a dented steel amulet Put on which piece of jewellery? (? for menu, Esc to quit)
k - a +3 amulet of reflection (around neck) Some of the chunks of flesh in your inventory have rotted away.
Are you sure you want to abandon this character and quit the game? (Confirm with "yes".)

#..#..⌠...⌠..#........#########
#..............#......#
#.##..)......#(#......#
....##)##.##.##.#)##############
##? .....##.##.#.# ####........
#.######....#.# #......#####
####.#.# #.##...# #.#.# #.######
##########@#.###.#
#######................#
........################
#########


There were no monsters in sight!

Vanquished Creatures
  Edmund (D:4)
  An iguana (D:3)
  A hound (D:4)
  A worker ant (D:4)
  A howler monkey skeleton (D:4)
  3 adders
  A dart slug (D:2)
  2 orcs
  A giant cockroach (D:3)
  3 goblins
  A hobgoblin (D:3)
  2 jackals
  3 kobolds
  2 quokkas
  6 bats
  3 frilled lizards
  6 rats
38 creatures vanquished.

Vanquished Creatures (collateral kills)
  A howler monkey (D:4)
  A hound skeleton (D:4)
  2 orcs (D:4)
  A hobgoblin (D:3)
  2 jackals (D:3)
  2 kobolds
9 creatures vanquished.

Vanquished Creatures (others)
  The ghost of WhatIsLove the Firebug, an amateur DEFE (D:3)
  An orc priest (D:4)
2 creatures vanquished.

Grand Total: 49 creatures vanquished

Notes
Turn   | Place    | Note
-------+----------+-------------------------------------------
     0 | D:1      | Lavandula the Formicid Artificer began the quest for the Orb.
     0 | D:1      | Reached XP level 1. HP: 15/15 MP: 3/3
   112 | D:1      | Reached XP level 2. HP: 21/21 MP: 4/4
   385 | D:2      | Reached XP level 3. HP: 18/26 MP: 5/5
   483 | D:3      | Noticed WhatIsLove's ghost (amateur DEFE)
   672 | D:3      | Your ally WhatIsLove died
   680 | D:3      | Killed an iguana
   680 | D:3      | Reached XP level 4. HP: 35/35 MP: 6/6
   727 | D:3      | Reached XP level 5. HP: 34/41 MP: 7/7
   799 | D:4      | Found a snail-covered altar of Cheibriados.
  1022 | D:4      | Noticed an orc warrior
  1128 | D:5      | Entered Level 5 of the Dungeon
  1181 | D:4      | Found Rafa's Assorted Antiques.
  1397 | D:4      | Reached skill level 1 in Maces & Flails
  1397 | D:4      | Reached XP level 6. HP: 42/47 MP: 8/8
  1441 | D:5      | Found a snail-covered altar of Cheibriados.
  1450 | D:5      | Noticed a phantom
  1452 | D:5      | Noticed an ogre
  1539 | D:4      | Noticed Edmund
  1547 | D:4      | Found a staircase to the Ecumenical Temple.
  1624 | D:4      | Killed Edmund
  1653 | Temple   | Entered the Ecumenical Temple
  1768 | D:4      | Found a shattered altar of Ashenzari.
  1823 | D:4      | Quit the game

Vault maps used:
D:1:      lightli_arrival_chessboard, minmay_close_crescents
D:3:      chequers_ecumenical_altar_twisty, minmay_item_behind_shaft
D:4:      kennysheep_mini, minmay_temple_entry_large_hall, serial_shops, shop,
          cheibrodos_ashenzari_chains, uniq_eustachio, uniq_edmund
D:5:      kennysheep_mini_moat, okawaru_altar_gauntlet_db, first_bread,
          cheibriados_altar_1
Temple:   compressed_dpeg_circular_temple

Skill      XL: |  1  2  3  4  5  6 |
---------------+-------------------+-----
Short Blades   | 2 3 |  3.0
Fighting       | 3 |  3.4
Dodging        | 2 |  2.9
Maces & Flails | 1 3 |  3.4
Stealth        | |  1.2
Evocations     | |  3.2

Action                   |  1- 3 |  4- 6 || total
-------------------------+-------+-------++-------
Melee: Short sword       |    60 |    69 ||   129
       Morningstar       |       |    26 ||    26
 Abil: Dig               |     1 |       ||     1
Evoke: Wand              |     7 |    21 ||    28
  Use: Scroll            |       |     6 ||     6
 Stab: Sleeping          |     2 |       ||     2
       Confused          |       |     2 ||     2
  Eat: Chunk             |       |     3 ||     3
Armor: Leather armour    |    23 |    33 ||    56
       Scale mail        |     2 |       ||     2
       Ring mail         |       |     7 ||     7
Dodge: Dodged            |    45 |    68 ||   113
